 Dungeon Crawl Stone Soup version 0.28-a0-124-g73ec313a74 (webtiles) character file.

Game seed: 10335953421293734299

12 jisko22 the Vexing (level 2, -2/20 HPs)
             Began as a Gnoll Wanderer on Aug 15, 2021.
             Was a Follower of Dithmenos.
             Slain by a kobold (3 damage)
             ... on level 1 of the Dungeon.
             The game lasted 00:02:51 (890 turns).

jisko22 the Vexing (Gnoll Wanderer)                  Turns: 890, Time: 00:02:52

Health: -2/20      AC:  3    Str: 11    XL:     2   Next: 33%
Magic:  5/5        EV: 10    Int: 10    God:    Dithmenos [*.....]
Gold:   55         SH:  4    Dex: 12    Spells: 5/6 levels left

rFire   . . .      SeeInvis .   i - +1 dagger (protect)
rCold   . . .      Faith    .   c - +0 buckler
rNeg    . . .      Spirit   .   f - +0 leather armour
rPois   .          Reflect  .   (no helmet)
rElec   .          Harm     .   (no cloak)
rCorr   .          Rampage  .   (no gloves)
Will    .....                   (no boots)
Stlth   ++........              (no amulet)
HPRegen 0.06/turn               (no ring)
MPRegen 0.09/turn               (no ring)

@: lethally poisoned (-2 -> -13), wreathed by umbra
A: fangs 1, strong nose, distributed training
a: Renounce Religion


You were on level 1 of the Dungeon.
You worshipped Dithmenos.
Dithmenos was aware of your devotion.
You visited 1 branch of the dungeon, and saw 1 of its levels.

You collected 55 gold pieces.

Inventory:

Hand Weapons
 a - a +2 dagger
 i - a +1 dagger of protection (weapon)
Missiles
 g - 6 stones
Armour
 c - a +0 buckler (worn)
 d - a +0 robe
 f - a +0 leather armour (worn)
Scrolls
 b - a scroll of blinking
 e - a scroll of immolation {unknown}
 h - a scroll of identify {unknown}
Potions
 j - a potion of mutation {unknown}


   Skills:
 + Level 0.3 Fighting
 + Level 0.3 Short Blades
 + Level 0.3 Long Blades
 + Level 0.3 Axes
 + Level 0.3 Maces & Flails
 + Level 0.3 Polearms
 + Level 0.3 Staves
 + Level 0.3 Slings
 + Level 0.3 Bows
 + Level 0.3 Crossbows
 + Level 0.3 Throwing
 + Level 0.3 Armour
 + Level 0.3 Dodging
 + Level 2.2 Stealth
 + Level 2.4 Shields
 + Level 0.3 Unarmed Combat
 + Level 2.7 Spellcasting
 + Level 5.3 Conjurations
 + Level 5.3 Hexes
 + Level 2.0 Summonings
 + Level 0.2 Necromancy
 + Level 0.2 Translocations
 + Level 0.2 Transmutations
 + Level 0.2 Fire Magic
 + Level 0.2 Ice Magic
 + Level 0.2 Air Magic
 + Level 0.2 Earth Magic
 + Level 0.2 Poison Magic
 + Level 0.4 Invocations
 + Level 0.3 Evocations


You had 5 spell levels left.
You knew the following spells:

 Your Spells              Type           Power      Damage    Failure   Level
a - Sandblast             Erth           2%         2d4       41%         1

Your spell library contained the following spells:

 Spells                   Type           Power      Damage    Failure   Level
 Stone Arrow              Conj/Erth      12%        3d7       41%         3


Dungeon Overview and Level Annotations

Branches:
Dungeon (1/15)

Altars:
Dithmenos


Innate Abilities, Weirdness & Mutations

You have very sharp teeth.
Your uncanny sense of smell can sniff out nearby items.
Your experience applies equally to all skills.


Message History

j - a sedimented sapphire potion The jackal bites you.
The jackal bites you.
You see here a rat corpse.
The jackal barely misses you.
You hit the jackal but do no damage.
Your weapon exudes an aura of protection.
The jackal closely misses you.
You hit the jackal.
The jackal is moderately wounded.
The jackal closely misses you. The jackal misses you.
You miss the jackal.
The jackal is moderately wounded.
The jackal closely misses you.
You hit the jackal.
The jackal is moderately wounded.
The jackal bites you but does no damage. x2
You hit the jackal.
You kill the jackal!
Dithmenos accepts your kill.
You closely miss the kobold. The kobold hits you but does no damage.
You are poisoned.
You barely miss the kobold.
You feel sick. The kobold hits you but does no damage.
You are more poisoned.
You barely miss the kobold.
You feel very sick. The kobold closely misses you.
You miss the kobold.
You feel sick.
The kobold hits you with a +1 short sword of venom.
You are more poisoned.
You closely miss the kobold. You bite the kobold, but do no damage.
* * * LOW HITPOINT WARNING * * *
You feel very sick. The kobold closely misses you.
You barely miss the kobold.
* * * LOW HITPOINT WARNING * * *
You feel very sick.
The kobold hits you with a +1 short sword of venom.
You die...

#..≈≈..8..♣.≈≈...
#.≈≈.........≈≈..
#.≈.....♣.....≈..
#.≈..♣.....8..≈.>
#.≈≈..8.<..♣.≈≈..
#..≈≈..♣....≈≈...
##...≈≈.....≈≈..#.
#..#..≈≈≈≈≈≈≈..#..
#@###.........###.
##K#############...
#.......# #...
#.......# #.>.
#.......## ###.
####......... #.
#............ ..
#....##.........
.## #.## #..#......
#.


You could see a kobold.

Vanquished Creatures
  An endoplasm (D:1)
  A hobgoblin (D:1)
  A jackal (D:1)
  2 quokkas (D:1)
  2 ball pythons (D:1)
  A bat (D:1)
  3 goblins (D:1)
  A rat (D:1)
12 creatures vanquished.

Notes
Turn   | Place    | Note
-------+----------+-------------------------------------------
     0 | D:1      | jisko22 the Gnoll Wanderer began the quest for the Orb.
     0 | D:1      | jisko22 set off with the following items: a +2 dagger, a
                  | scroll of blinking, a +0 buckler, a +0 robe; and the
                  | following spell memorised: Sandblast; and the following
                  | spells available to memorise: Stone Arrow
     0 | D:1      | Reached XP level 1. HP: 13/13 MP: 4/4
   485 | D:1      | Found a faded altar of an unknown god.
   545 | D:1      | Became a worshipper of Dithmenos the Shadowed
   545 | D:1      | Reached * piety under Dithmenos
   650 | D:1      | Reached XP level 2. HP: 14/19 MP: 5/5
   890 | D:1      | HP: 1/20 [poisoned by a kobold]
   890 | D:1      | Slain by a kobold

Illustrated notes

Levels and vault maps discovered:
D:1:      moated_graveyard_arrival, layout_basic,
          shapermc_ecumenical_altar_mp_highgroup, serial_shops, shop,
          serial_bayou_pond_e, minmay_tetromino_o4

Skill      XL: |  1 |
---------------+----+-----
Summonings     | 2 |  2.0
Fighting       | |  0.3
Short Blades   | |  0.3
Long Blades    | |  0.3
Axes           | |  0.3
Maces & Flails | |  0.3
Polearms       | |  0.3
Staves         | |  0.3
Slings         | |  0.3
Bows           | |  0.3
Crossbows      | |  0.3
Throwing       | |  0.3
Armour         | |  0.3
Dodging        | |  0.3
Stealth        | |  2.2
Shields        | |  2.4
Unarmed Combat | |  0.3
Spellcasting   | |  2.7
Conjurations   | |  5.3
Hexes          | |  5.3
Necromancy     | |  0.2
Translocations | |  0.2
Transmutations | |  0.2
Fire Magic     | |  0.2
Ice Magic      | |  0.2
Air Magic      | |  0.2
Earth Magic    | |  0.2
Poison Magic   | |  0.2
Invocations    | |  0.4
Evocations     | |  0.3

Action                   || total
-------------------------++-------
Melee: Dagger            ||    44
       Bite              ||     3
 Cast: Sandblast         ||     4
 Stab: Sleeping          ||     1
Armor: Leather armour    ||    15
       Robe              ||     1
Dodge: Dodged            ||    26
Block: Buckler           ||     4

Table legend: (Time is in decaauts)
 A = Elapsed time spent in this place.
 B = Non-inter-level travel time spent in this place.
 C = Inter-level travel time spent in this place.
 D = Time resting spent in this place.
 E = Time spent auto-exploring this place.
 F = Levels seen in this place.
 G = Mean time per level.
                   A        B        C        D        E       F      G
               +--------+--------+--------+--------+--------+-----+--------+
         Total |    891 |    891 |      0 |    229 |    441 |   1 |  891.0 |
       Dungeon |    891 |    891 |      0 |    229 |    441 |   1 |  891.0 |
               +--------+--------+--------+--------+--------+-----+--------+

Top non-repeatable levels by time:
     D:1: 891 daAuts
